 Dungeon Crawl Stone Soup version 0.22-a0-785-g6253c82ace (webtiles) character file.

445 GordonOverkill the Purveyor of Pain (level 6, -2/44 HPs)
             Began as a Mummy Necromancer on July 20, 2018.
             Was an Initiate of Kikubaaqudgha.
             Slain by an orc
             ... wielding a +0 hand axe of electrocution
              (19 damage)
             ... on level 4 of the Dungeon.
             The game lasted 00:10:54 (5645 turns).

GordonOverkill the Purveyor of Pain (MuNe)          Turns: 5645, Time: 00:10:54

Health: -2/44      AC:  8    Str: 16    XL:     6   Next: 72%
Magic:  1/14       EV: 12    Int: 20    God:    Kikubaaqudgha [......]
Gold:   230        SH:  0    Dex: 12    Spells: 7/16 levels left

rFire    x . .     SeeInvis .   l - +0 trident
rCold    + . .     Gourm    .   (no shield)
rNeg     + + +     Faith    .   a - +0 robe
rPois    ∞         Spirit   .   r - +2 hat {Int+3}
rElec    .         Reflect  .   (no cloak)
rCorr    .         Harm     .   b - +2 pair of gloves
MR       .....                  k - +0 pair of boots
Stlth    +++.......             (no amulet)
HPRegen  0.14/turn              q - +5 ring of strength
MPRegen  0.14/turn              h - ring of stealth

@: no status effects
A: no food or potions, fire vulnerability, cold resistance 1, negative energy
resistance 3, torment resistance, unbreathing
a: Renounce Religion


You were on level 4 of the Dungeon.
You worshipped Kikubaaqudgha.
Kikubaaqudgha was noncommittal.
You were not hungry.

You visited 2 branches of the dungeon, and saw 6 of its levels.

You collected 230 gold pieces.

Inventory:

Hand Weapons
 l - a +0 trident (weapon)
Armour
 a - a +0 robe (worn)
 b - a +2 pair of gloves (worn)
 k - a +0 pair of boots (worn)
 r - a +2 hat of intelligence (worn)
Jewellery
 c - an uncursed amulet of guardian spirit
 f - an uncursed ring of ice
 h - a ring of stealth (right hand)
 q - a +5 ring of strength (left hand)
Scrolls
 d - a scroll of remove curse {unknown}
 e - a scroll of blinking {unknown}
 g - 2 scrolls of teleportation
 i - 4 scrolls of identify {unknown}
 m - a scroll of enchant weapon {unknown}
 n - a scroll of amnesia {unknown}
 o - a scroll of enchant armour {unknown}
 p - a scroll of random uselessness {unknown}


   Skills:
 + Level 2.2 Fighting
 - Level 2.0 Dodging
 - Level 2.0 Stealth
 + Level 5.9 Spellcasting
 + Level 5.9 Necromancy


You had 7 spell levels left.
You knew the following spells:

 Your Spells              Type           Power        Failure   Level  Hunger
a - Pain                  Necr           ####         1%          1    N/A
b - Animate Skeleton      Necr           N/A          1%          1    N/A
c - Animate Dead          Necr           N/A          9%          4    N/A
d - Vampiric Draining     Necr           ####......   2%          3    N/A

Your spell library contained the following spells:

 Spells                   Type           Power        Failure   Level  Hunger
 Regeneration             Chrm/Necr      ###.......   10%         3    N/A

Dungeon Overview and Level Annotations

Branches:
Dungeon (5/15)             Temple (1/1) D:4

Altars:
Ashenzari
Cheibriados
Dithmenos
Elyvilon
Fedhas
Gozag
Hepliaklqana
Kikubaaqudgha
Makhleb
Nemelex Xobeh
Okawaru
Qazlal
Ru
Sif Muna
Uskayaw
Vehumet
Wu Jian
Xom
Yredelemnul
Zin
The Shining One

Annotations:
D:5 Eustachio


Innate Abilities, Weirdness & Mutations

You do not eat or drink.
Your flesh is vulnerable to fire.
You are immune to poison.
Your flesh is cold resistant. (rC+)
You are immune to negative energy. (rN+++)
You are immune to unholy pain and torment.
You can survive without breathing.


Message History

Confirm with . or Enter, or press ? or * to list all spells.
Okay, then.
Casting: Pain (safe; 1% risk of failure)
Confirm with . or Enter, or press ? or * to list all spells.
You call on the dead to rise...
Nothing appears to happen.
The giant cockroach closely misses you. The orc barely misses you.
The orc hits you with a hand axe of electrocution.
The orc barely misses you.
Casting: Animate Dead (safe; 9% risk of failure)
Confirm with . or Enter, or press ? or * to list all spells.
You call on the dead to rise...
Nothing appears to happen.
The giant cockroach barely misses you. The orc closely misses you.
The orc barely misses you. The giant cockroach misses you.
The orc closely misses you.
Casting: Animate Dead (safe; 9% risk of failure)
Confirm with . or Enter, or press ? or * to list all spells.
You call on the dead to rise...
Nothing appears to happen.
The orc hits you but does no damage. x2; You are electrocuted!
You die...
Kikubaaqudgha rasps: "You have failed me!
Welcome... oblivion!"

#....≈..≈.#......##
#.⌠....._.#.......#
#..Z##....#.....%.##
##.########.####...###
#..........# ##..Z..
#############..# #...##
#.......### #.######.#...
#......o..###.##......###
#.......@s....##....#.##.
#......oo................
#####.........##.....##..
#.......####.........
##.....## #.........
##...).## #.♣.♣.#.##
#.......####..>..#...
#.....)......♣.♣.###.
#........###.........


You could see 3 orcs and a giant cockroach.

Vanquished Creatures
  3 hounds (D:4)
  3 orc priests
  3 orc wizards
  9 adders
  A shadow imp (D:4)
  An ooze (D:4)
  4 worms
  A dart slug (D:1)
  2 leopard geckos
  8 orcs
  A ball python (D:3)
  2 giant cockroaches
  4 goblins
  5 hobgoblins
  3 jackals (D:2)
  A quokka (D:3)
  3 bats
  3 frilled lizards
  5 kobolds
  5 rats
67 creatures vanquished.

Vanquished Creatures (collateral kills)
  A quasit (D:4)
  An adder skeleton (D:4)
  A leopard gecko (D:4)
3 creatures vanquished.

Grand Total: 70 creatures vanquished

Notes
Turn   | Place    | Note
-------+----------+-------------------------------------------
     0 | D:1      | GordonOverkill the Mummy Necromancer began the quest for the Orb.
     0 | D:1      | Reached XP level 1. HP: 13/13 MP: 4/4
   389 | D:1      | Reached XP level 2. HP: 19/19 MP: 0/5
  1129 | D:1      | Learned a level 1 spell: Animate Skeleton
  1321 | D:2      | Reached XP level 3. HP: 21/24 MP: 0/7
  2196 | D:2      | Found an iron altar of Okawaru.
  2407 | D:2      | Found a glowing golden altar of the Shining One.
  2443 | D:2      | Reached XP level 4. HP: 24/30 MP: 1/9
  2692 | D:2      | Found a hide-covered altar of Uskayaw.
  3291 | D:3      | Found a burning altar of Makhleb.
  3397 | D:3      | Found a shadowy altar of Dithmenos.
  3397 | D:3      | Found a snail-covered altar of Cheibriados.
  3598 | D:3      | Reached skill level 5 in Necromancy
  3818 | D:3      | Reached XP level 5. HP: 26/35 MP: 8/12
  3980 | D:3      | Reached skill level 5 in Spellcasting
  4324 | D:3      | Found a burning altar of Makhleb.
  4470 | D:3      | Learned a level 4 spell: Animate Dead
  4474 | D:3      | Learned a level 3 spell: Vampiric Draining
  4722 | D:4      | Reached skill level 1 in Fighting
  4722 | D:4      | Reached XP level 6. HP: 35/43 MP: 8/14
  5113 | D:4      | Found a staircase to the Ecumenical Temple.
  5135 | Temple   | Entered the Ecumenical Temple
  5431 | D:4      | Found an ancient bone altar of Kikubaaqudgha.
  5557 | D:4      | Became a worshipper of Kikubaaqudgha
  5580 | D:5      | Entered Level 5 of the Dungeon
  5585 | D:5      | Noticed Eustachio
  5645 | D:4      | Slain by an orc

Vault maps used:
D:1:      evilmike_arrival_fibonacci_small, minmay_surrounded
D:2:      lemuel_coloured_pillars_altar, nicolae_overflow_crystal_walls,
          old_standard_altar, first_ration
D:3:      marbit_many_paths, gammafunk_temple_overflow_elements,
          nrook_mini_backslash, minmay_misc_feat_nine_boxes, bloody_makhleb
D:4:      kiku_gazebo_pond_becter, minmay_temple_entry_trees
D:5:      gup_sewer_entry_bubbles, serial_shops, nicolae_shop_stone,
          uniq_eustachio, uniq_pikel
Temple:   jpeg_temple_clearing

Skill      XL: |  1  2  3  4  5  6 |
---------------+-------------------+-----
Spellcasting   | 3 4 5 |  5.9
Dodging        | 2 |  2.0
Stealth        | 2 |  2.0
Necromancy     | 5 |  5.9
Fighting       | 1 2 |  2.2

Action                   |  1- 3 |  4- 6 || total
-------------------------+-------+-------++-------
Melee: Spear             |    27 |    16 ||    43
       Trident           |       |    30 ||    30
 Cast: Pain              |    80 |   130 ||   210
       Animate Skeleton  |     3 |    18 ||    21
       Animate Dead      |       |     4 ||     4
  Use: Scroll            |       |     1 ||     1
Armor: Robe              |    14 |    37 ||    51
Dodge: Dodged            |    48 |    63 ||   111

Table legend:
 A = Spawn XP
 B = Non-spawn XP
 C = Spawn XP percentage of total XP
 D = Spawn monster count
 E = Non-spawn monster count
 F = Spawn count percentage of total count
 G = Total turns spent on level
                    A         B        C        D         E        F      G
               +---------+---------+-------+---------+---------+-------+---------
         Total |       0 |     636 |   0.0 |       0 |      70 |   0.0 |  5645
               +---------+---------+-------+---------+---------+-------+---------
           D:1 |       0 |      21 |   0.0 |       0 |      13 |   0.0 |  1185
           D:2 |       0 |      89 |   0.0 |       0 |      16 |   0.0 |  1600
           D:3 |       0 |     224 |   0.0 |       0 |      25 |   0.0 |  1932
           D:4 |       0 |     299 |   0.0 |       0 |      15 |   0.0 |   811
           D:5 |       0 |       3 |   0.0 |       0 |       1 |   0.0 |     9
               +---------+---------+-------+---------+---------+-------+---------
